 Dungeon Crawl Stone Soup version 0.23-a0-584-g44dd78f (webtiles) character file.

41 CanOfBees the Caller (level 3, -1/20 HPs)
             Began as a Tengu Summoner on Dec 17, 2018.
             Slain by a giant cockroach (2 damage)
             ... on level 2 of the Dungeon.
             The game lasted 00:02:24 (1633 turns).

CanOfBees the Caller (Tengu Summoner)               Turns: 1633, Time: 00:02:25

Health: -1/20      AC:  2    Str:  6 (8)  XL:     3   Next: 52%
Magic:  6/7        EV: 12    Int: 13 (16) God:
Gold:   32         SH:  0    Dex: 11 (14) Spells: 3/6 levels left

rFire    . . .     SeeInvis .   j - +0 long sword
rCold    . . .     Gourm    .   (no shield)
rNeg     . . .     Faith    .   a - +0 robe
rPois    .         Spirit   .   (helmet restricted)
rElec    .         Reflect  .   (no cloak)
rCorr    .         Harm     .   (no gloves)
MR       .....                  (boots unavailable)
Stlth    ++........             (no amulet)
HPRegen  0.06/turn              (no ring)
MPRegen  0.10/turn              (no ring)

@: lethally poisoned (-1 -> -7), very slightly contaminated
A: beak, talons 3
a: no special abilities


You were on level 2 of the Dungeon.
You were hungry.

You visited 1 branch of the dungeon, and saw 2 of its levels.

You collected 32 gold pieces.

Inventory:

Hand Weapons
 j - a +0 long sword (weapon)
Missiles
 b - 114 stones (quivered)
 m - 20 sling bullets
Armour
 a - a +0 robe (worn)
Jewellery
 d - an uncursed ring of fire
 l - an uncursed ring of resist corrosion {unknown}
Scrolls
 e - 2 scrolls of remove curse
 g - a scroll of blinking
 i - a scroll of amnesia {unknown}
 k - a scroll of immolation {unknown}
 n - a scroll of fog {unknown}
 o - a scroll of enchant armour {unknown}
Comestibles
 c - 8 rations
 h - 2 chunks of flesh


   Skills:
 + Level 1.2 Fighting
 - Level 2.1 Dodging
 - Level 2.0 Stealth
 + Level 2.4 Spellcasting
 * Level 5.6 Summonings


You had 3 spell levels left.
You knew the following spells:

 Your Spells              Type           Power        Failure   Level  Hunger
a - Summon Small Mammal   Summ           ###.         2%          1    #......
b - Call Imp              Summ           ###.....     3%          2    ###....

Your spell library contained the following spells:

 Spells                   Type           Power        Failure   Level  Hunger
 Call Canine Familiar     Summ           ###.....     7%          3    ###....
 Summon Guardian Golem    Hex/Summ       #.......     22%         3    ###....
 Summon Ice Beast         Ice/Summ       #.......     58%         4    #####..
 Summon Lightning Spire   Summ/Air       #.......     58%         4    #####..


Dungeon Overview and Level Annotations

Branches:
Dungeon (2/15)

Altars:


Innate Abilities, Weirdness & Mutations

You have a beak for a mouth.
You have claws for feet.


Message History

You barely miss the giant cockroach. You claw the giant cockroach.
You kill the giant cockroach!
* * * LOW HITPOINT WARNING * * *
You feel sick.
The goblin wields a cursed -1 hunting sling.
The goblin shoots a sling bullet.
The sling bullet barely misses you.
* * * LOW HITPOINT WARNING * * *
You feel sick. The giant cockroach misses you.
You riposte.
You barely miss the giant cockroach. The goblin barely misses you.
You riposte.
You closely miss the goblin. You claw the goblin.
The goblin is heavily wounded.
You hit the goblin.
You kill the goblin!
The giant cockroach bites you but does no damage.
Something bites your crimson imp. The giant cockroach misses you.
* * * LOW HITPOINT WARNING * * *
You feel sick.
Your crimson imp disappears in a puff of smoke!
The giant cockroach bites you.
You die...

##...###.#
##.....##.#####
##.............. #
#..........## .#
##...........########..#
..........<....S(......#
##.......##.###5......#
##)....###.###.§.....#
##...## #...s@.......
#...# #####.......#
#.#.# #.......#
#####.÷.##### #.......#
............# ####.####
####...####.## ..
.....#........ ##.
####...####.## .# ##.##


You could see an adder, a giant cockroach and a friendly crimson imp.

Vanquished Creatures
  2 gnolls
  2 giant cockroaches
  5 goblins
  2 hobgoblins (D:1)
  3 kobolds
  2 bats
  2 frilled lizards
  A rat (D:2)
19 creatures vanquished.

Vanquished Creatures (collateral kills)
  An adder (D:2)
1 creature vanquished.

Grand Total: 20 creatures vanquished

Notes
Turn   | Place    | Note
-------+----------+-------------------------------------------
     0 | D:1      | CanOfBees the Tengu Summoner began the quest for the Orb.
     0 | D:1      | Reached XP level 1. HP: 10/10 MP: 4/4
   285 | D:1      | Reached skill level 5 in Summonings
   591 | D:1      | Reached XP level 2. HP: 12/16 MP: 6/6
   673 | D:1      | Learned a level 2 spell: Call Imp
  1329 | D:2      | Reached skill level 1 in Fighting
  1329 | D:2      | Reached XP level 3. HP: 12/20 MP: 7/7
  1631 | D:2      | HP: 1/20 [poisoned by an adder]
  1633 | D:2      | Slain by a giant cockroach

Vault maps used:
D:1:      dpeg_arrival_pond
D:2:      first_ration, minmay_misc_feat_encased

Skill      XL: |  1  2 |
---------------+-------+-----
Summonings     | 5 |  5.6
Fighting       | 1 |  1.2
Dodging        | |  2.1
Stealth        | |  2.0
Spellcasting   | |  2.4

Action                   || total
-------------------------++-------
Melee: Unarmed           ||    30
       Kick              ||    11
       Peck              ||     4
       Long sword        ||    11
Throw: Stone             ||    10
 Cast: Call Imp          ||     6
  Use: Scroll            ||     2
       Potion            ||     1
 Stab: Sleeping          ||     5
       Distracted        ||     1
  Eat: Chunk             ||     2
Armor: Robe              ||     7
Dodge: Dodged            ||    39
       Rpst.: Long sword ||     8

Table legend:
 A = Non-vault XP
 B = Vault XP
 C = Vault XP percentage of total XP
 D = Non-vault monster count
 E = Vault monster count
 F = Vault count percentage of total count
                 A         B        C        D         E       F
            +---------+---------+-------+---------+---------+-------
      Total |      59 |       0 |   0.0 |      20 |       0 |   0.0
            +---------+---------+-------+---------+---------+-------
        D:1 |      26 |       0 |   0.0 |      10 |       0 |   0.0
        D:2 |      33 |       0 |   0.0 |      10 |       0 |   0.0
            +---------+---------+-------+---------+---------+-------
